 Dungeon Crawl Stone Soup version 0.31.0-11-ge490571c62 (webtiles) character file.

Game seed: 8556318494219250713

596 cdecastro the Arsonist (level 7, -4/36 HPs)
             Began as a Deep Elf Fire Elementalist on Jan 27, 2024.
             Was an Initiate of Sif Muna.
             Slain by a scorpion (5 damage)
             ... on level 5 of the Dungeon.
             The game lasted 00:09:56 (6083 turns).

cdecastro the Arsonist (Deep Elf Fire Elementalist) Turns: 6083, Time: 00:09:57

Health: -4/36      AC:  2    Str:  5    XL:     7   Next: 17%
Magic:  11/18      EV: 12    Int: 22    God:    Sif Muna [......]
Gold:   281        SH:  0    Dex: 15    Spells: 5/18 levels left

rFire   + . .        q - staff of conjuration
rCold   . . .        (no shield)
rNeg    . . .        a - +0 robe
rPois   .            (no helmet)
rElec   .            (no cloak)
rCorr   .            (no gloves)
SInv    .            (no boots)
Will    .....        (no amulet)
Stlth   ++           k - ring of flight
HPRegen 0.26/turn    w - ring of protection from fire
MPRegen 0.16/turn

%: no passive effects
@: lethally poisoned (-4 -> -31), flying
A: no striking features
a: Renounce Religion


You were on level 5 of the Dungeon.
You worshipped Sif Muna.
Sif Muna was noncommittal.
You visited 2 branches of the dungeon, and saw 6 of its levels.

You collected 281 gold pieces.

Inventory:

Missiles
 h - 2 curare-tipped darts
 i - 6 datura-tipped darts
Armour
 a - a +0 robe (worn)
Magical Staves
 q - a staff of conjuration (weapon)
Jewellery
 k - a ring of flight (left hand)
 w - a ring of protection from fire (right hand)
Wands
 j - a wand of polymorph (4)
 n - a wand of flame (22)
Scrolls
 c - a scroll of amnesia {unknown}
 d - 4 scrolls of vulnerability {unknown}
 e - 2 scrolls of butterflies {unknown}
 f - a scroll of immolation {unknown}
 g - 5 scrolls of fog {unknown}
 l - 2 scrolls of enchant armour {unknown}
 o - a scroll of poison {unknown}
 s - a scroll of enchant weapon {unknown}
 v - a scroll of identify {unknown}
Potions
 b - 2 potions of magic
 m - 2 potions of might {unknown}
 p - a potion of heal wounds {unknown}
 r - a potion of resistance {unknown}
 t - a potion of curing {unknown}
 u - a potion of berserk rage {unknown}
 x - a potion of brilliance {unknown}
 z - a potion of attraction {unknown}


   Skills:
 - Level 2.4 Dodging
 - Level 2.4 Stealth
 + Level 6.0 Spellcasting
 - Level 1.1 Conjurations
 - Level 8.0 Fire Magic


You had 5 spell levels left.
You knew the following spells:

 Your Spells              Type           Power      Damage    Failure   Level
a - Foxfire               Conj/Fire      100%       2x1d9     1%          1
b - Scorch                Fire           82%        2d8       1%          2
c - Inner Flame           Hex/Fire       24%        N/A       5%          3
d - Volatile Blastmotes   Fire/Tloc      48%        2d14      5%          3
e - Flame Wave            Conj/Fire      40%        2d11      14%         4

Your spell library contained the following spells:

 Spells                   Type           Power      Damage    Failure   Level
 Sandblast                Erth           12%        2d6       9%          1
 Slow                     Hex            24%        N/A       9%          1
 Static Discharge         Conj/Air       26%        3-5/arc   11%         2
 Dazzling Flash           Conj/Hex       26%        N/A       22%         3
 Stone Arrow              Conj/Erth      26%        3d8       22%         3
 Mephitic Cloud           Conj/Alch/Air  12%        N/A       24%         3
 Confusing Touch          Hex            6%         N/A       26%         3
 Passwall                 Erth           6%         N/A       26%         3
 Sigil of Binding         Hex            6%         N/A       26%         3
 Vampiric Draining        Necr           6%         2d6       26%         3
 Brom's Barrelling Bould  Conj/Erth      13%        2d4       58%         4
 Airstrike                Air            3%         2d(1-17)  65%         4
 Summon Lightning Spire   Summ/Air       6%         N/A       65%         4
 Curse of Agony           Necr           6%         N/A       94%         5
 Silence                  Hex/Air        3%         N/A       94%         5


Dungeon Overview and Level Annotations

Branches:
Dungeon (5/15)             Temple (1/1) D:4

Altars:
Ashenzari
Cheibriados
Dithmenos
Elyvilon
Hepliaklqana
Kikubaaqudgha
Nemelex Xobeh
Okawaru
Qazlal
Ru
Sif Muna
Trog
Uskayaw
Vehumet
Wu Jian
Yredelemnul
Zin
The Shining One

Shops:
D:5 [


Message History

A hound comes into view.
Found a war axe and 6 gold pieces.
The hound barks!
You hear an angry hiss.
Casting: Scorch (safe; 1% risk of failure)
Confirm with . or Enter, or press ? or * to list all spells.
You feel a surge of power!
You conjure some foxfire!
The scorpion stings you.
You are poisoned.
The scorpion poisons you!
Your foxfire dissipates!
You feel very sick.
The hound pauses to sniff the ground.
Casting: Foxfire (safe; 1% risk of failure)
Confirm with . or Enter, or press ? or * to list all spells.
Flames lash the hound.
The hound is severely wounded.
The hound's fire resistance burns away.
You feel sick. The scorpion stings you.
You are more poisoned.
The scorpion poisons you! The scorpion stings you!
You are lethally poisoned!
The scorpion poisons you!
Casting: Scorch (safe; 1% risk of failure)
Confirm with . or Enter, or press ? or * to list all spells.
Flames lash the scorpion.
The scorpion is moderately wounded.
The scorpion's fire resistance burns away.
* * * LOW HITPOINT WARNING * * *
You feel very sick. The scorpion stings you.
* * * LOW HITPOINT WARNING * * *
You are more poisoned.
The scorpion poisons you!
Casting: Scorch (safe; 1% risk of failure)
Confirm with . or Enter, or press ? or * to list all spells.
Flames lash the hound.
The hound is burned terribly!
You kill the hound!
Sif Muna accepts your kill.
* * * LOW HITPOINT WARNING * * *
You feel extremely sick. The scorpion stings you.
You die...

#..#.. ...##.# ..
.#..##.# ###$## #
...##.# #....)
###.##.# ##.....##
.##.#######
........#
###.##.......#
#......# #...
#.#####.#
#......###.####.##
#.....s@.......###
.
####.###.###.#...#
... #.# #.#
#.....##..... ..#
#†####.......#
####
#........#####
##########


You could see a scorpion (combustible).

Vanquished Creatures
  A jelly (D:4)
  3 hounds (D:5)
  3 bombardier beetles
  3 iguanas
  Natasha (thrice) (D:2)
  6 gnolls
  12 adders
  3 dart slugs
  2 ribbon worms
  6 orcs
  4 bats
  8 endoplasms
  3 giant cockroaches
  A goblin (D:4)
  10 hobgoblins
  5 jackals
  3 quokkas
  3 ball pythons
  A frilled lizard (D:1)
  9 kobolds
  3 rats
92 creatures vanquished.

Vanquished Creatures (collateral kills)
  5 foxfires (D:4)
5 creatures vanquished.

Vanquished Creatures (others)
  310 foxfires
310 creatures vanquished.

Grand Total: 407 creatures vanquished

Notes
Turn   | Place    | Note
-------+----------+-------------------------------------------
     0 | D:1      | cdecastro the Deep Elf Fire Elementalist began the quest
                  | for the Orb.
     0 | D:1      | Reached XP level 1. HP: 10/10 MP: 6/6
   239 | D:1      | Reached skill level 4 in Fire Magic
   239 | D:1      | Reached XP level 2. HP: 15/15 MP: 5/8
   242 | D:1      | Learned a level 2 spell: Scorch
   746 | D:1      | Reached XP level 3. HP: 19/19 MP: 7/9
  1543 | D:2      | Reached skill level 5 in Fire Magic
  1738 | D:2      | Reached XP level 4. HP: 24/24 MP: 6/10
  2358 | D:2      | Reached skill level 6 in Fire Magic
  2546 | D:2      | Noticed Natasha
  2636 | D:2      | Killed Natasha
  2866 | D:2      | Noticed Natasha
  2876 | D:2      | Killed Natasha
  2877 | D:2      | Reached XP level 5. HP: 28/28 MP: 0/11
  3008 | D:2      | Noticed Natasha
  3033 | D:2      | Killed Natasha
  3289 | D:3      | Reached skill level 7 in Fire Magic
  3787 | D:3      | You fall into a shaft and drop 2 floors!
  3787 | D:5      | Entered Level 5 of the Dungeon
  3787 | D:5      | Found Voacas's Antique Armour Shoppe.
  3855 | D:5      | Reached XP level 6. HP: 32/32 MP: 7/12
  3915 | D:4      | Learned a level 3 spell: Inner Flame
  3919 | D:4      | Learned a level 3 spell: Volatile Blastmotes
  4408 | D:3      | Reached skill level 8 in Fire Magic
  4627 | D:4      | Found a faded altar of an unknown god.
  4627 | D:4      | Found a hide-covered altar of Uskayaw.
  4636 | D:4      | Found a bloodstained altar of Trog.
  4638 | D:4      | Found a faded altar of an unknown god.
  4640 | D:4      | Found a broken altar of Ashenzari.
  4926 | D:4      | Found a staircase to the Ecumenical Temple.
  4957 | Temple   | Entered the Ecumenical Temple
  4969 | Temple   | Became a worshipper of Sif Muna the Loreminder
  5110 | D:4      | Learned a level 4 spell: Flame Wave
  5548 | D:5      | Reached skill level 5 in Spellcasting
  5707 | D:5      | Reached XP level 7. HP: 36/36 MP: 12/16
  6083 | D:5      | HP: 1/36 [poisoned by a scorpion]
  6083 | D:5      | Slain by a scorpion

Illustrated notes

Levels and vault maps discovered:
D:1:      wander_arrival_lonely_grave, layout_loops_ring
D:2:      layout_basic, kennysheep_minor_cross, minmay_door_square,
          minmay_misc_feat_four_crosses, st_stairs_10, uniq_natasha
D:3:      layout_loops_ring, minmay_misc_feat_iff
D:4:      layout_cave_pods, chequers_temple_overflow_minitemple,
          minmay_temple_entry_grid, serial_bayou, serial_bayou_pond_d,
          serial_bayou_pond_e, serial_bayou_pond_c, serial_bayou_shore_a,
          kennysheep_generic_room_6
D:5:      layout_loops_ring, serial_shops, shop, minivault_5,
          serial_bayou_lake_a, uniq_grinder
Temple:   hellmonk_temple_two_chambers

Skill      XL: |  1  2  3  4  5  6  7 |
---------------+----------------------+-----
Fire Magic     | 4 5 6 7 8 |  8.0
Spellcasting   | 5 6 |  6.0
Dodging        | |  2.4
Stealth        | |  2.4
Conjurations   | |  1.1

Action                     |  1- 3 |  4- 6 |  7- 9 || total
---------------------------+-------+-------+-------++-------
   Cast: Foxfire           |    65 |   113 |    14 ||   192
         Scorch            |     7 |    23 |     8 ||    38
         Inner Flame       |       |     2 |       ||     2
 Armour: Robe              |     2 |    10 |     5 ||    17
  Dodge: Dodged            |     2 |     4 |       ||     6
